 Dungeon Crawl Stone Soup version 0.19-a0-944-gb338e1e (webtiles) character file.

6974 HenryFlower the Grappler (level 10, 0/88 HPs)
             Began as a Troll Monk on July 9, 2016.
             Was a High Priest of Cheibriados.
             Killed from afar by a wretched star (10 damage)
             ... with an orb of energy
             ... on level 1 of the Abyss.
             The game lasted 00:18:46 (8223 turns).

HenryFlower the Grappler (Troll Monk)               Turns: 8223, Time: 00:18:46

Health: 0/88       AC:  6    Str: 34    XL:     10   Next: 81%
Magic:  11/11      EV: 15    Int: 16    God:    Cheibriados [*****.]
Gold:   353        SH:  6    Dex: 27    Spells: 1 memorised, 6 levels left

rFire  . . .     SeeInvis .       - Unarmed
rCold  . . .     Gourm    +     g - +1 robe {rN+}
rNeg   + . .     Faith    .     (no shield)
rPois  .         Spirit   .     (helmet restricted)
rElec  .         Dismiss  .     (no cloak)
rCorr  .         Reflect  +     (gloves unavailable)
SustAt .         Harm     .     (boots unavailable)
MR     .....                    o - +6 amulet of reflection
Stlth  ++........               (no ring)
                                r - ring of flight

@: invisible, very slow, not resistant to hostile enchantments, unstealthy
A: unfitting armour, claws 3, dopey 2, fast metabolism 3, gourmand, regeneration
2, shaggy fur 1, tough skin 2
a: Bend Time, Temporal Distortion, Slouch, Step From Time, Renounce Religion,
Evoke Flight


You were on level 1 of the Abyss.
You worshipped Cheibriados.
Cheibriados was extremely pleased with you.
You were very full.

You visited 1 branch of the dungeon, and saw 9 of its levels.
You visited the Abyss 1 time.

You collected 510 gold pieces.
You spent 157 gold pieces at shops.

Inventory:

Missiles
 N - 3 large rocks (quivered)
Armour
 g - a +1 robe of positive energy (worn)
Jewellery
 o - a +6 amulet of reflection (around neck)
 r - a ring of flight (left claw)
 u - an uncursed ring of ice
Wands
 k - a wand of flame (30/48)
 B - a wand of iceblast (12/15)
 F - a wand of teleportation (6/9)
 G - a wand of acid (6/15)
 H - a wand of lightning (5/15)
 J - a wand of confusion (20/48)
Scrolls
 c - 4 scrolls of enchant armour {unknown}
 f - 3 scrolls of remove curse {unknown}
 h - 3 scrolls of immolation {unknown}
 i - 2 scrolls of blinking
 l - 3 scrolls of amnesia {unknown}
 p - 4 scrolls of teleportation
 v - 6 scrolls of fog {unknown}
 w - 3 scrolls of random uselessness {unknown}
 x - 3 scrolls of enchant weapon {unknown}
 y - 3 scrolls of vulnerability {unknown}
 C - a scroll of magic mapping {unknown}
 D - 6 scrolls of identify
 E - 4 scrolls of noise {unknown}
 K - a scroll of summoning {unknown}
 M - a scroll of fear {unknown}
Potions
 e - a potion of invisibility
 n - 3 potions of flight
 q - a potion of cancellation
 s - a potion of brilliance
 A - a potion of agility
Books
 d - a book of Annihilations

   Spells                             Type                      Level
   a - Poison Arrow                   Conjuration/Poison           6
   b - Chain Lightning                Conjuration/Air              8
   c - Lehudib's Crystal Spear        Conjuration/Earth            8
   d - Glaciate                       Conjuration/Ice              9
   e - Fire Storm                     Conjuration/Fire             9
 I - an Akashic Record

   Spells                             Type                      Level
   a - Dispersal                      Translocation                6
   b - Malign Gateway                 Summoning/Translocation      7
   c - Disjunction                    Translocation                8
   d - Controlled Blink               Translocation                8
 L - a Fen Folio

   Spells                             Type                      Level
   a - Corpse Rot                     Necromancy                   2
   b - Stone Arrow                    Conjuration/Earth            3
   c - Leda's Liquefaction            Hexes/Earth                  4
   d - Summon Forest                  Summoning/Translocation      5
   e - Hydra Form                     Transmutation                6
   f - Summon Hydra                   Summoning                    7
Comestibles
 b - 9 bread rations
 j - 16 royal jellies
 m - 10 slices of pizza
 t - a beef jerky
 z - a meat ration


   Skills:
 - Level 2.4 Fighting
 + Level 6.0 Dodging
 - Level 1.1 Stealth
 + Level 13.6 Unarmed Combat
 + Level 4.2 Earth Magic
 + Level 3.9 Invocations


You had 6 spell levels left.
You knew the following spells:

 Your Spells              Type           Power        Failure   Level  Hunger
a - Stone Arrow           Conj/Erth      #.....       34%         3    ####...


Dungeon Overview and Level Annotations

Branches:
Dungeon (9/15)             Temple (0/1) D:5             Orc (0/2) D:9
   Lair: D:8-11

Altars:
Cheibriados
Elyvilon
Fedhas
Hepliaklqana
Kikubaaqudgha
Makhleb
Nemelex Xobeh
Ru
Trog
Uskayaw
Vehumet
Yredelemnul
The Shining One

Shops:
D:6 }(??

Annotations:
D:9 Psyche


Innate Abilities, Weirdness & Mutations

You are too large for most types of armour.
You have claws for hands.
Your metabolism is lightning-fast.
You like to eat raw meat.
You heal very quickly.
You are covered in fur. (AC +1)
You have very tough skin. (AC +2)
[You are very dopey. (Int -4)]


Message History

* * * LOW HITPOINT WARNING * * *
A wretched star comes into view.
The wretched star pulses with an eldritch light!
You feel stupid. x2
You block the rakshasa's attack. The rakshasa hits you with a trident.
* * * LOW HITPOINT WARNING * * *
Unknown command.
You mangle the rakshasa!!
The rakshasa is heavily wounded.
The wretched star glows turbulently.
The orb of energy hits you!
* * * LOW HITPOINT WARNING * * *
You scratch the rakshasa.
The rakshasa is heavily wounded.
The rakshasa blinks!
Unknown command.
You fade into invisibility!
The wretched star glows turbulently.
The orb of energy hits you!
You die...

....##..# ### #
.#...R .###.# #.
##..##...#..#. #.#
..... #.#.... ..#
#.. ##..##.
##..#..## .##...
##.#.#.#.#.......
#......#ยง..#.####
#..@#...#..
#*...##......#...
..### #####R.....
.#..#. . #### ...
.#.


You could see a wretched star and a rakshasa.

Vanquished Creatures
  Erica (D:8)
  A hill giant (D:5)
  An ancient zyme (Abyss:1)
  A queen bee (D:9)
  A troll (D:9)
  Sigmund (D:4)
  A wraith (D:9)
  A human (D:9)
  A yak (shapeshifter) (Abyss:1)
  A hippogriff (D:7)
  A small abomination (Abyss:1)
  A black bear (D:5)
  2 ice beasts
  A sky beast (D:8)
  4 orc warriors
  3 necrophages
  3 ogres
  2 centaurs
  A giant frog (D:7)
  A wyvern zombie (D:6)
  3 jellies
  4 scorpions
  A water moccasin skeleton (D:9)
  29 killer bees
  3 wights (D:8)
  2 crimson imps
  A giant frog zombie (D:6)
  A centaur zombie (D:9)
  3 orc priests
  4 hounds
  4 centaur skeletons
  A giant frog skeleton (D:5)
  4 iguanas
  4 orc wizards
  6 worker ants
  A worker ant zombie (D:5)
  3 gnolls (D:8)
  11 adders
  A shadow imp (D:8)
  An adder zombie (D:7)
  An ooze (D:4)
  2 adder skeletons (D:8)
  A worm (D:2)
  2 dart slugs
  2 giant geckos
  15 orcs
  10 bats
  8 giant cockroaches
  4 goblins
  6 hobgoblins
  12 jackals
  5 kobolds
  5 quokkas
  3 ball pythons
  A giant newt (D:5)
  A jackal zombie (D:3)
  2 quokka zombies
  4 rats (D:1)
200 creatures vanquished.

Notes
Turn   | Place    | Note
-------+----------+-------------------------------------------
     0 | D:1      | HenryFlower the Troll Monk began the quest for the Orb.
     0 | D:1      | Reached XP level 1. HP: 22/22 MP: 0/0
   111 | D:1      | Reached XP level 2. HP: 29/29 MP: 1/1
   369 | D:1      | Reached skill level 4 in Unarmed Combat
   765 | D:2      | Found a burning altar of Makhleb.
   776 | D:2      | Reached XP level 3. HP: 30/36 MP: 2/2
   840 | D:2      | Found a white marble altar of Elyvilon.
  1702 | D:3      | Found a sacrificial altar of Ru.
  1773 | D:3      | Reached skill level 5 in Unarmed Combat
  1773 | D:3      | Reached XP level 4. HP: 44/44 MP: 3/3
  1795 | D:3      | Found a blossoming altar of Fedhas.
  1844 | D:3      | Found a blossoming altar of Fedhas.
  1846 | D:3      | Found an ancient bone altar of Kikubaaqudgha.
  2351 | D:4      | Reached XP level 5. HP: 49/50 MP: 4/4
  2598 | D:4      | Found a hide-covered altar of Uskayaw.
  2599 | D:4      | Found a snail-covered altar of Cheibriados.
  2604 | D:4      | Found a radiant altar of Vehumet.
  2607 | D:4      | Became a worshipper of Cheibriados the Contemplative
  2607 | D:4      | Reached * piety under Cheibriados
  2607 | D:4      | Reached ** piety under Cheibriados
  2685 | D:4      | Reached skill level 6 in Unarmed Combat
  2769 | D:4      | Noticed an ogre
  2776 | D:4      | Killed an ogre
  2776 | D:4      | Reached XP level 6. HP: 55/59 MP: 5/5
  2830 | D:4      | Noticed Sigmund
  2897 | D:4      | Killed Sigmund
  2897 | D:4      | Reached skill level 7 in Unarmed Combat
  3141 | D:5      | Entered Level 5 of the Dungeon
  3198 | D:5      | Reached skill level 8 in Unarmed Combat
  3198 | D:5      | Reached XP level 7. HP: 66/66 MP: 6/6
  3288 | D:5      | Found a staircase to the Ecumenical Temple.
  3289 | D:5      | Found a sparkling altar of Nemelex Xobeh.
  3420 | D:5      | HP: 1/66 [ogre/giant spiked club (15)]
  3709 | D:5      | Reached skill level 9 in Unarmed Combat
  4134 | D:5      | Noticed a hill giant
  4143 | D:5      | Killed a hill giant
  4143 | D:5      | Reached skill level 10 in Unarmed Combat
  4143 | D:5      | Reached XP level 8. HP: 63/74 MP: 7/7
  4290 | D:5      | Reached *** piety under Cheibriados
  4290 | D:5      | Reached skill level 11 in Unarmed Combat
  4341 | D:6      | Found Efucec's Magic Scroll Boutique.
  4347 | D:6      | Bought a scroll of teleportation for 45 gold pieces
  4347 | D:6      | Bought a scroll of blinking for 112 gold pieces
  4372 | D:6      | Found Morucoe's Magic Scroll Emporium.
  4646 | D:6      | Found Xiven's Gadget Shop.
  4650 | D:6      | Found Eruzioh's Antique Weapon Shoppe.
  4774 | D:6      | Found a hazy altar of Hepliaklqana.
  4842 | D:6      | Found a glowing golden altar of the Shining One.
  4851 | D:6      | Found a basalt altar of Yredelemnul.
  4900 | D:6      | Reached skill level 12 in Unarmed Combat
  4900 | D:6      | Reached XP level 9. HP: 71/80 MP: 8/8
  4940 | D:6      | Reached **** piety under Cheibriados
  5234 | D:6      | Noticed an angel
  5821 | D:7      | Found a bloodstained altar of Trog.
  6460 | D:8      | Reached ***** piety under Cheibriados
  6649 | D:8      | Learned a level 3 spell: Stone Arrow
  6665 | D:8      | Noticed Erica
  6676 | D:8      | Killed Erica
  6676 | D:8      | Reached skill level 13 in Unarmed Combat
  6676 | D:8      | Reached skill level 1 in Earth Magic
  6676 | D:8      | Reached skill level 1 in Invocations
  6676 | D:8      | Reached XP level 10. HP: 47/88 MP: 8/10
  7110 | D:9      | Found a staircase to the Orcish Mines.
  7114 | D:9      | Reached skill level 5 in Dodging
  8046 | D:9      | Noticed Psyche
  8074 | D:9      | Cast into level 1 of the Abyss (Psyche)
  8135 | Abyss:1  | Found a corrupted altar of Lugonu.
  8143 | Abyss:1  | Noticed a large abomination
  8196 | Abyss:1  | Noticed a smoke demon
  8214 | Abyss:1  | Noticed a rakshasa
  8220 | Abyss:1  | Noticed a wretched star
  8223 | Abyss:1  | Killed from afar by a wretched star

Vault maps used:
D:1:      lemuel_arrival_muddy
D:2:      elyvilon_altar_1, overflow_temple_1_default, first_bread, minivault_14
D:3:      grunt_temple_overflow_growth_and_decay, hangedman_ru_absence,
          st_stairs_4, fedhas_altar_3
D:4:      minitemple, uniq_sigmund
D:5:      black_bear_nest_1, overflow_temple_1_default, minmay_small_thing
D:6:      grunt_temple_overflow_holy_war, marbit_many_paths, serial_shops,
          nicolae_shop_crystal, shop, shop_fountains, shop, grunt_ministairs_2,
          kennysheep_small_square
D:7:      kennysheep_little_box
D:8:      uniq_erica
D:9:      david_orc_3, grunt_pizzeria, uniq_psyche

Skill      XL: |  1  2  3  4  5  6  7  8  9 10 |
---------------+-------------------------------+-----
Unarmed Combat | 4 5 6 8 10 12 13 | 13.6
Dodging        | 4 6 |  6.0
Earth Magic    | 1 4 |  4.2
Invocations    | 1 3 |  3.9
Fighting       | |  2.4
Stealth        | |  1.1

Action                   |  1- 3 |  4- 6 |  7- 9 | 10-12 || total
-------------------------+-------+-------+-------+-------++-------
Melee: Unarmed           |   112 |    88 |   210 |   130 ||   540
       Punch             |     2 |     2 |    18 |    10 ||    32
 Cast: Stone Arrow       |       |       |       |     5 ||     5
Invok: Slouch            |       |       |       |     2 ||     2
Evoke: Wand              |       |       |     1 |       ||     1
  Use: Scroll            |       |     4 |     5 |     1 ||    10
       Potion            |       |     4 |     2 |     3 ||     9
 Stab: Sleeping          |     2 |     1 |     4 |       ||     7
       Invisible         |       |       |       |     6 ||     6
       Distracted        |       |       |       |     1 ||     1
  Eat: Chunk             |    22 |     8 |    22 |    11 ||    63
Armor: Robe              |    47 |    24 |    28 |    10 ||   109
       Skin              |       |    15 |       |       ||    15
Dodge: Dodged            |    72 |    31 |    84 |    68 ||   255
Block: Other             |     2 |    30 |    47 |    36 ||   115
       Reflection        |       |       |     1 |       ||     1
